 Dungeon Crawl Stone Soup version 0.22.0-27-ga576289 (webtiles) character file.

7797 tsouns the Spear-Bearer (level 11, -7/92 HPs)
             Began as a Merfolk Gladiator on Aug 21, 2018.
             Was the Champion of Zin.
             Mangled by a komodo dragon (27 damage)
             ... on level 2 of the Lair of Beasts.
             The game lasted 00:25:17 (10087 turns).

tsouns the Spear-Bearer (Merfolk Gladiator)        Turns: 10087, Time: 00:25:18

Health: -7/92      AC: 16    Str: 19    XL:     11   Next: 20%
Magic:  14/16      EV: 16    Int: 10    God:    Zin [******]
Gold:   871        SH:  6    Dex: 18    Spells: 10/10 levels left

rFire    . . .     SeeInvis .   p - +1 trident (protect)
rCold    . . .     Gourm    +   s - +0 buckler
rNeg     . . .     Faith    .   b - +0 leather armour
rPois    ∞         Spirit   .   c - +1 helmet
rElec    .         Reflect  .   (no cloak)
rCorr    .         Harm     .   H - +2 pair of gloves
MR       .....                  l - +0 pair of boots
Stlth    ++........             h - amulet of the gourmand
HPRegen  0.25/turn              j - ring of stealth
MPRegen  0.15/turn              (no ring)

@: vitalised, protection aura
A: change form in water, swift swim, stealthy swim
a: Recite, Vitalisation, Imprison, Sanctuary, Donate Gold, Renounce Religion


You were on level 2 of the Lair of Beasts.
You worshipped Zin.
Zin was exalted by your worship.
You were not hungry.

You visited 3 branches of the dungeon, and saw 11 of its levels.
You also visited: Ossuary.

You collected 967 gold pieces.
You donated 96 gold pieces to Zin.

Inventory:

Hand Weapons
 a - a +0 trident
 p - a +1 trident of protection (weapon)
 v - a +0 halberd
Missiles
 d - a throwing net (quivered)
 k - 289 stones
 E - 8 tomahawks
Armour
 b - a +0 leather armour (worn)
 c - a +1 helmet (worn)
 l - a +0 pair of boots (worn)
 s - a +0 buckler (worn)
 y - a +0 plate armour
 z - a +0 shield
 H - a +2 pair of gloves (worn)
Jewellery
 h - an amulet of the gourmand (around neck)
 j - a ring of stealth (left hand)
 o - an uncursed ring of positive energy
Wands
 g - a wand of disintegration (13)
 r - a wand of iceblast (9)
 G - a wand of enslavement (10)
Scrolls
 D - 3 scrolls of teleportation
 F - 2 scrolls of remove curse
Potions
 e - 4 potions of mutation
 m - 3 potions of berserk rage
 n - a potion of resistance {unknown}
 q - a potion of brilliance
 t - 2 potions of might
 u - 2 potions of lignification
 w - 2 potions of flight
 x - a potion of heal wounds
 A - 3 potions of invisibility {unknown}
 B - 2 potions of ambrosia
 C - 3 potions of curing {unknown}
Comestibles
 f - 24 rations


   Skills:
 + Level 10.7 Fighting
 - Level 14.0 Polearms
 - Level 2.0 Throwing
 + Level 2.7 Armour
 + Level 6.4 Dodging
 - Level 5.1 Shields
 + Level 6.9 Invocations


You had 10 spell levels left.
You didn't know any spells.
Your spell library was empty.

Dungeon Overview and Level Annotations

Branches:
Dungeon (8/15)             Temple (1/1) D:5            Lair (2/6) D:8
  Swamp: Lair:2-4    Shoals: Lair:2-4     Snake: Lair:2-4    Spider: Lair:2-4

Altars:
Ashenzari
Cheibriados
Dithmenos
Elyvilon
Fedhas
Gozag
Hepliaklqana
Kikubaaqudgha
Makhleb
Nemelex Xobeh
Okawaru
Qazlal
Ru
Sif Muna
Trog
Uskayaw
Vehumet
Wu Jian
Xom
Yredelemnul
Zin
The Shining One

Annotations:
D:3 2 transporters
Lair:2 Harold


Message History

You hit the komodo dragon but do no damage.
The komodo dragon is moderately wounded.
You barely miss the komodo dragon.
The komodo dragon is moderately wounded.
The komodo dragon barely misses you.
You hit the komodo dragon.
The komodo dragon is heavily wounded.
You puncture the komodo dragon!
The komodo dragon is severely wounded.
The komodo dragon bites you!!
You puncture the komodo dragon!
The komodo dragon is almost dead.
The komodo dragon hisses menacingly.
The komodo dragon bites you!
* * * LOW HITPOINT WARNING * * *
You hit the komodo dragon but do no damage.
The komodo dragon is almost dead.
Zin grants you divine stamina. The komodo dragon bites you!!
You die...

....§§§
...##.#....#.#.##
.P...;≈
....#.#....#.#.#
.#...;≈
............#..#
......≈
...#.......#P.#
.#.....
#........#..#
....... .
#........#.#
....... ...
####.#.####.#
.#...PP
....#.#.####.#..P
.......
.......@.........#
.....
.......l.........#
......
.................#
......
................##
.....
...............
.....
................
..#
#+..'#.....#P#P....
..###P.##.##....
####...
.##.......##....
#..


You could see a komodo dragon.

Vanquished Creatures
  A centaur warrior (D:8)
  A two-headed ogre (D:8)
  A black mamba (Lair:2)
  5 spiny frogs
  A komodo dragon (Lair:2)
  A rime drake (Lair:1)
  A meliai (D:8)
  A hippogriff (Lair:1)
  Sigmund (D:5)
  2 yaks
  2 porcupines (Lair:1)
  A water moccasin (Lair:1)
  An orc warrior (D:7)
  3 ice beasts
  2 sky beasts (D:6)
  2 phantoms (D:6)
  8 ogres
  A crocodile (Lair:2)
  7 bullfrogs
  A howler monkey (D:7)
  An electric eel (Lair:1)
  A crimson imp (D:7)
  2 centaur zombies
  3 orc priests (D:8)
  3 bullfrog zombies
  2 hounds
  2 centaur skeletons
  7 orc wizards
  An iguana (D:5)
  Terence (D:2)
  Jessica (D:2)
  4 worker ants
  8 mummies (Ossuary)
  8 adders
  6 gnolls
  A shadow imp (D:7)
  4 oozes
  An adder skeleton (D:8)
  3 worms (D:3)
  7 leopard geckos
  20 orcs
  5 giant cockroaches
  A gnoll zombie (Ossuary)
  12 goblins
  8 hobgoblins
  8 jackals
  9 kobolds
  2 quokkas
  A ball python (D:3)
  12 bats
  5 frilled lizards
  A hobgoblin zombie (Ossuary)
  A jackal skeleton (D:6)
  3 kobold zombies (Ossuary)
  A leopard gecko skeleton (D:8)
  3 orc zombies (Ossuary)
  5 rats
206 creatures vanquished.

Vanquished Creatures (others)
  2 orc wizards (D:8)
  A worker ant (D:8)
  A giant cockroach (D:8)
  2 fungi (Lair:2)
  A plant (Lair:2)
7 creatures vanquished.

Grand Total: 213 creatures vanquished

Notes
Turn   | Place    | Note
-------+----------+-------------------------------------------
     0 | D:1      | tsouns the Merfolk Gladiator began the quest for the Orb.
     0 | D:1      | Reached XP level 1. HP: 16/16 MP: 1/1
    39 | D:1      | Reached XP level 2. HP: 14/23 MP: 2/2
    63 | D:1      | Reached skill level 5 in Polearms
   146 | D:1      | Reached XP level 3. HP: 14/29 MP: 3/3
   880 | D:2      | Reached XP level 4. HP: 35/35 MP: 4/4
   896 | D:2      | Reached skill level 6 in Polearms
  1156 | D:2      | Noticed Terence
  1178 | D:2      | Killed Terence
  1432 | D:2      | Noticed Jessica
  1444 | D:2      | Killed Jessica
  1444 | D:2      | Reached XP level 5. HP: 16/42 MP: 5/5
  1682 | D:2      | Reached skill level 7 in Polearms
  1959 | D:3      | Found a snail-covered altar of Cheibriados.
  1959 | D:3      | Found an ancient bone altar of Kikubaaqudgha.
  1963 | D:3      | Found a transporter.
  1976 | D:3      | Found a transporter.
  2074 | D:3      | Found a glowing silver altar of Zin.
  2081 | D:3      | Became a worshipper of Zin the Law-Giver
  2081 | D:3      | Reached * piety under Zin
  2359 | D:3      | Found a sacrificial altar of Ru.
  2815 | D:4      | Noticed an ogre
  2886 | D:4      | Noticed an ogre
  2892 | D:4      | Killed an ogre
  2892 | D:4      | Reached skill level 8 in Polearms
  2892 | D:4      | Reached XP level 6. HP: 49/49 MP: 6/6
  3116 | D:4      | Reached skill level 5 in Fighting
  3116 | D:4      | Reached skill level 9 in Polearms
  3116 | D:4      | Reached XP level 7. HP: 40/56 MP: 7/7
  3221 | D:4      | Found a stormy altar of Qazlal.
  3221 | D:4      | Found a glowing golden altar of the Shining One.
  3761 | D:5      | Entered Level 5 of the Dungeon
  3907 | D:5      | Noticed Sigmund
  3911 | D:5      | Killed Sigmund
  3911 | D:5      | Reached skill level 10 in Polearms
  3923 | D:5      | Found a sand-covered staircase.
  3928 | Ossuary  | Entered an ossuary
  4014 | Ossuary  | Reached ** piety under Zin
  4237 | Ossuary  | Reached *** piety under Zin
  4290 | Ossuary  | Reached **** piety under Zin
  4385 | D:5      | Found a staircase to the Ecumenical Temple.
  4396 | Temple   | Entered the Ecumenical Temple
  4491 | D:5      | Reached XP level 8. HP: 64/64 MP: 8/8
  4692 | D:5      | You fall through a shaft for 3 floors!
  4738 | D:7      | Reached skill level 11 in Polearms
  4995 | D:6      | Reached skill level 12 in Polearms
  5110 | D:6      | Reached ***** piety under Zin
  5359 | D:6      | Reached skill level 13 in Polearms
  5359 | D:6      | Reached XP level 9. HP: 50/72 MP: 9/9
  6551 | D:7      | Reached skill level 1 in Shields
  6763 | D:7      | Reached skill level 14 in Polearms
  7061 | D:8      | Found a staircase to the Lair.
  7119 | D:8      | Reached skill level 1 in Invocations
  7366 | D:8      | Noticed a two-headed ogre
  7392 | D:8      | Killed a two-headed ogre
  7392 | D:8      | Reached XP level 10. HP: 41/83 MP: 10/12
  7590 | D:8      | Noticed a centaur warrior
  7631 | D:8      | Found a shimmering altar of Xom.
  7633 | D:8      | Found a sparkling altar of Nemelex Xobeh.
  7768 | D:8      | Killed a centaur warrior
  7782 | D:8      | Reached skill level 5 in Invocations
  8374 | Lair:1   | Entered Level 1 of the Lair of Beasts
  8424 | Lair:1   | Reached skill level 5 in Shields
  8480 | Lair:1   | Reached ****** piety under Zin
  8563 | Lair:1   | Noticed a spiny frog
  8587 | Lair:1   | Killed a spiny frog
  8587 | Lair:1   | Reached skill level 10 in Fighting
  8994 | Lair:1   | Reached skill level 1 in Armour
  9233 | Lair:1   | Reached skill level 5 in Dodging
  9352 | Lair:2   | Noticed a spiny frog
  9364 | Lair:2   | Killed a spiny frog
  9420 | Lair:2   | Noticed a black mamba
  9510 | Lair:2   | Noticed a spiny frog
  9524 | Lair:2   | Killed a spiny frog
  9524 | Lair:2   | Reached XP level 11. HP: 74/92 MP: 15/15
  9650 | Lair:2   | Noticed Harold
 10087 | Lair:2   | Mangled by a komodo dragon

Skill      XL: |  1  2  3  4  5  6  7  8  9 10 11 |
---------------+----------------------------------+-----
Polearms       | 5 6 8 9 10 13 14 | 14.0
Fighting       | 3 4 5 6 7 9 10 | 10.7
Shields        | 3 5 |  5.1
Invocations    | 3 6 |  6.9
Armour         | 2 |  2.7
Dodging        | 5 6 |  6.4
Throwing       | |  2.0

Action                   |  1- 3 |  4- 6 |  7- 9 | 10-12 || total
-------------------------+-------+-------+-------+-------++-------
Melee: Trident           |    86 |   213 |   417 |   231 ||   947
Throw: Stone             |       |       |    16 |       ||    16
       Throwing net      |       |       |     6 |     1 ||     7
Invok: Vitalisation      |       |       |       |     2 ||     2
Evoke: Wand              |       |     4 |     6 |     1 ||    11
  Use: Scroll            |       |       |    16 |     1 ||    17
 Stab: Sleeping          |     4 |    11 |     1 |     3 ||    19
       Held in net/web   |       |       |     5 |     2 ||     7
       Distracted        |       |       |     1 |       ||     1
  Eat: Chunk             |    15 |     7 |     8 |     7 ||    37
Armor: Leather armour    |    16 |    32 |    57 |    26 ||   131
       Plate armour      |       |       |    12 |       ||    12
Dodge: Dodged            |    44 |    99 |   149 |    68 ||   360
Block: Buckler           |       |       |    20 |    30 ||    50
